 Dungeon Crawl Stone Soup version 0.28-a0-863-g8cecda6153 (webtiles) character file.

Game seed: 5692810561787595925

65 patchburns1 the Grave Robber (level 3, 0/25 HPs)
             Began as a Demonspawn Necromancer on Nov 20, 2021.
             Slain by a quokka (3 damage)
             ... on level 3 of the Dungeon.
             The game lasted 00:16:11 (2737 turns).

patchburns1 the Grave Robber (DsNe)                 Turns: 2737, Time: 00:16:12

Health: 0/25       AC:  2    Str:  8    XL:     3   Next: 92%
Magic:  0/7        EV: 12    Int: 17    God:
Gold:   168        SH:  0    Dex: 13    Spells: 2/7 levels left

rFire   . . .      SeeInvis .   o - +0 dagger
rCold   . . .      Faith    .   (no shield)
rNeg    . . .      Spirit   .   d - +0 robe
rPois   .          Reflect  .   (no helmet)
rElec   .          Harm     .   (no cloak)
rCorr   .          Rampage  .   (no gloves)
Will    .....                   (no boots)
Stlth   ++........              (no amulet)
HPRegen 0.08/turn               (no ring)
MPRegen 0.10/turn               (no ring)

@: no status effects
A: demonic magic 1
a: no special abilities


You were on level 3 of the Dungeon.
You visited 1 branch of the dungeon, and saw 3 of its levels.

You collected 168 gold pieces.

Inventory:

Hand Weapons
 i - a +0 hunting sling
 j - a +0 short sword
 o - a +0 dagger (weapon)
Missiles
 b - 96 sling bullets
 c - 30 stones
 g - 26 arrows
Armour
 a - a +0 robe
 d - a +0 robe (worn)
Jewellery
 p - an amulet of guardian spirit
Scrolls
 f - a scroll of vulnerability {unknown}
 l - a scroll of blinking {unknown}
 m - a scroll of teleportation {unknown}
 n - a scroll of identify
Potions
 e - 3 potions of curing
 h - 2 potions of flight
 k - 2 potions of brilliance {unknown}


   Skills:
 + Level 0.9 Fighting
 + Level 2.2 Dodging
 + Level 2.2 Stealth
 * Level 2.7 Spellcasting
 * Level 4.9 Necromancy


You had 2 spell levels left.
You knew the following spells:

 Your Spells              Type           Power      Damage    Failure   Level
a - Pain                  Necr           76%        1d7       2%          1
b - Animate Skeleton      Necr           38%        N/A       2%          1
c - Vampiric Draining     Necr           19%        2d7       7%          3

Your spell library contained the following spells:

 Spells                   Type           Power      Damage    Failure   Level
 Magic Dart               Conj           8%         1d3       19%         1
 Call Imp                 Summ           2%         N/A       26%         2
 Animate Dead             Necr           9%         N/A       24%         4
 Ignite Poison            Fire/Tmut/Pois 2%         N/A       47%         3
 Mephitic Cloud           Conj/Pois/Air  2%         N/A       47%         3
 Agony                    Necr           19%        N/A       54%         5
 Freezing Cloud           Conj/Ice/Air   1%         6-21      99%         5


Dungeon Overview and Level Annotations

Branches:
Dungeon (3/15)

Altars:


Innate Abilities, Weirdness & Mutations

Spells you cast may paralyse adjacent enemies.


Message History

The worm barely resists.
Malevolent energies surge around you.
Aiming: Pain (safe; 2% risk of failure)
Press: ? - help, Q - select action, (/) - cycle Shift-Dir - straight line, f/p - worm
Aim: a worm (heavily wounded, chance to affect: 84%)
The worm writhes in agony.
Malevolent energies surge around you.
Aiming: Pain (safe; 2% risk of failure)
Press: ? - help, Q - select action, (/) - cycle Shift-Dir - straight line, f/p - worm
Aim: a worm (severely wounded, chance to affect: 84%)
The worm writhes in agony.
Malevolent energies surge around you. The worm barely misses you.
Aiming: Pain (safe; 2% risk of failure)
Press: ? - help, Q - select action, (/) - cycle Shift-Dir - straight line, f/p - worm
Aim: a worm (almost dead, chance to affect: 84%)
The worm writhes in agony.
You kill the worm!
Malevolent energies surge around you.
You hit the quokka.
The quokka is moderately wounded.
The quokka barely misses you.
You hit the quokka but do no damage.
The quokka is moderately wounded.
The quokka bites you.
You hit the quokka but do no damage.
The quokka is moderately wounded.
The quokka bites you.
* * * LOW HITPOINT WARNING * * *
Aiming: Pain (safe; 2% risk of failure)
Press: ? - help, Q - select action, (/) - cycle Shift-Dir - straight line, f - quokka
Aim: a quokka (moderately wounded, chance to affect: 89%)
The quokka writhes in agony.
Malevolent energies surge around you. The quokka bites you.
* * * LOW HITPOINT WARNING * * *
The quokka barely misses you.
You hit the quokka.
The quokka is almost dead.
The quokka barely misses you.
You miss the quokka.
The quokka is almost dead.
The quokka bites you.
You die...

#. .. #.#. #. .###
#.#. #. ..# #.#. #.
### #.# #.#. #.
##≈≈### #.####.#. #.
≈≈≈≈≈≈+ #........
#.#†≈≈≈≈≈+ #..###...
#.r## ### #.## ####
##.@####.###.#######
#..................
#.##.#.############
#......# # ######.#
######## #. ..#
#....... #. ###
#.####.#
#.########.## #.#
#...........# ...


You could see a quokka.

Vanquished Creatures
  2 adders
  A worm (D:3)
  A dart slug (D:1)
  4 ball pythons
  5 bats
  4 endoplasms
  A goblin (D:3)
  6 hobgoblins
  2 jackals (D:3)
  A frilled lizard (D:1)
  3 kobolds (D:3)
  12 rats
42 creatures vanquished.

Notes
Turn   | Place    | Note
-------+----------+-------------------------------------------
     0 | D:1      | patchburns1 the Demonspawn Necromancer began the quest for
                  | the Orb.
     0 | D:1      | Reached XP level 1. HP: 13/13 MP: 3/3
   156 | D:1      | Found a faded altar of an unknown god.
   780 | D:1      | Gained mutation: Spells you cast may paralyse adjacent
                  | enemies. [demonic ancestry]
   780 | D:1      | Reached XP level 2. HP: 17/19 MP: 3/5
  1438 | D:2      | Learned a level 1 spell: Animate Skeleton
  1880 | D:2      | Reached XP level 3. HP: 20/25 MP: 1/6
  2623 | D:3      | Learned a level 3 spell: Vampiric Draining
  2737 | D:3      | Slain by a quokka

Illustrated notes

Levels and vault maps discovered:
D:1:      dpeg_arrival_circle_labyrinth_a, layout_basic, basic_ecumenical_altar
D:2:      layout_loops_ring, minmay_rat_gold_closets
D:3:      layout_loops_ring, gup_sewer_entry_bowl, kennysheep_generic_room_7,
          uniq_crazy_yiuf_cottage, uniq_natasha

Skill      XL: |  1  2 |
---------------+-------+-----
Dodging        | 2 |  2.2
Stealth        | 2 |  2.2
Fighting       | |  0.9
Spellcasting   | |  2.7
Necromancy     | |  4.9

Action                   || total
-------------------------++-------
Melee: Unarmed           ||     2
       Short sword       ||     7
       Dagger            ||     5
 Cast: Pain              ||    70
       Animate Skeleton  ||     1
       Vampiric Draining ||     1
  Use: Scroll            ||     2
 Stab: Sleeping          ||     3
       Paralysed         ||     1
Dodge: Dodged            ||    18

Table legend: (Time is in decaauts)
 A = Elapsed time spent in this place.
 B = Non-inter-level travel time spent in this place.
 C = Inter-level travel time spent in this place.
 D = Time resting spent in this place.
 E = Time spent auto-exploring this place.
 F = Levels seen in this place.
 G = Mean time per level.
                   A        B        C        D        E       F      G
               +--------+--------+--------+--------+--------+-----+--------+
         Total |   2735 |   2735 |      0 |    925 |    295 |   3 |  911.7 |
       Dungeon |   2735 |   2735 |      0 |    925 |    295 |   3 |  911.7 |
               +--------+--------+--------+--------+--------+-----+--------+

Top non-repeatable levels by time:
     D:1: 1421 daAuts
     D:2: 888 daAuts
     D:3: 426 daAuts
